 Dungeon Crawl Stone Soup version 0.29-b1-11-g2030932060 (webtiles) character file.

Game seed: 3038782668370416645

215 diana the Insei (level 5, 0/35 HPs)
             Began as an Octopode Transmuter on Aug 22, 2022.
             Killed from afar by an orc wizard (4 damage)
             ... with a magic dart
             ... on level 4 of the Dungeon on Aug 23, 2022.
             The game lasted 00:08:45 (2810 turns).

diana the Insei (Octopode Transmuter)               Turns: 2810, Time: 00:08:47

Health: 0/35       AC:  1    Str: 10    XL:     5   Next: 92%
Magic:  7/9        EV: 13    Int: 17    God:
Gold:   200        SH:  0    Dex: 12    Spells: 4/10 levels left

rFire   . . .      SeeInvis .     - Unarmed
rCold   + . .      Faith    .   (no shield)
rNeg    . . .      Spirit   .   (helmet restricted)
rPois   .          Reflect  .   (no amulet)
rElec   .          Harm     .   c - ring of ice
rCorr   .          Rampage  .   l - ring of protection from fire
Will    .....                   (no ring)
Stlth   +++.......              (no ring)
HPRegen 0.11/turn               (no ring)
MPRegen 0.11/turn               (no ring)
                                (no ring)
                                (no ring)

@: no status effects
A: almost no armour, amphibious, 8 rings, camouflage 1, gelatinous body 1,
(nimble swimmer 1), tentacles
a: no special abilities


You were on level 4 of the Dungeon.
You visited 1 branch of the dungeon, and saw 5 of its levels.

You collected 200 gold pieces.

Inventory:

Jewellery
 c - a ring of ice (left tentacle)
 l - a ring of protection from fire (right tentacle)
Scrolls
 b - 4 scrolls of identify {unknown}
 d - a scroll of silence {unknown}
 f - 2 scrolls of fog {unknown}
 g - a scroll of enchant armour {unknown}
 h - a scroll of immolation {unknown}
 i - a scroll of brand weapon {unknown}
 j - a scroll of amnesia {unknown}
 k - a scroll of summoning {unknown}
 n - a scroll of teleportation {unknown}
Potions
 p - a potion of brilliance {unknown}


   Skills:
 + Level 2.3 Fighting
 + Level 2.9 Dodging
 - Level 1.8 Stealth
 + Level 4.0 Unarmed Combat
 * Level 3.0 Spellcasting
 * Level 2.9 Transmutations
 - Level 0.1 Poison Magic


You had 4 spell levels left.
You knew the following spells:

 Your Spells              Type           Power      Damage    Failure   Level
a - Beastly Appendage     Tmut           24%        N/A       5%          1
b - Wereblood             Tmut           12%        N/A       8%          2
c - Spider Form           Tmut/Pois      7%         N/A       28%         3

Your spell library contained the following spells:

 Spells                   Type           Power      Damage    Failure   Level
 Static Discharge         Conj/Air       2%         3-4/arc   26%         2
 Gell's Gravitas          Tloc           2%         N/A       45%         3
 Ozocubu's Armour         Ice            3%         N/A       45%         3
 Teleport Other           Tloc           2%         N/A       45%         3
 Ice Form                 Ice/Tmut       11%        N/A       67%         4
 Dispel Undead            Necr           2%         3d7       86%         4
 Sticky Flame             Conj/Fire      2%         2d3       86%         4
 Metabolic Englaciation   Hex/Ice        1%         N/A       99%         5
 Dispersal                Tloc           1%         N/A       100%        6
 Simulacrum               Ice/Necr       1%         N/A       100%        6


Dungeon Overview and Level Annotations

Branches:
Dungeon (5/15)
 Temple: D:4-7

Altars:
Sif Muna

Annotations:
D:4 Robin


Innate Abilities, Weirdness & Mutations

You cannot wear most types of armour.
You are amphibious.
You can wear up to eight rings at the same time.
Your skin changes colour to match your surroundings (Stealth+).
Your rubbery body absorbs attacks. (AC +1, EV +1)
((You are camouflaged when in or above water. (Stealth+)))
You have tentacles for arms and can constrict up to eight enemies at once.


Message History

Your tentacle spike misses something.
Your squeeze misses something. You tentacle-slap something.
Your tentacle spike misses something.
Something hits you.
* * * LOW HITPOINT WARNING * * *
You closely miss something.
Your tentacle spike misses something.
Something hits you.
* * * LOW HITPOINT WARNING * * *
You closely miss something.
Your tentacle spike misses something.
Your squeeze misses something.
Your transformation is almost over.
You hear some strange, mumbled words.
A magic dart appears from out of thin air!
The magic dart hits you!
* * * LOW HITPOINT WARNING * * *
It was a potion of curing.
You feel better.
You hear some strange, mumbled words.
A magic dart appears from out of thin air!
The magic dart hits you!
* * * LOW HITPOINT WARNING * * *
It was a potion of invisibility.
You fade into invisibility!
Something barely misses you.
Okay, then.
Items here: ))))))) ††††.
You howl as the wereblood boils in your veins!
You howl as the wereblood boils in your veins!
Your tentacle spike disappears.
Your primal bloodlust is almost over.
An orc wizard appears from thin air!
Reactivating autopickup.
A gnoll comes into view. It is wielding a +0 whip.
Your primal bloodlust has ended.
A hound comes into view.
It was a potion of cancellation.
Your magical effects are unravelling.
You feel magically purged.
You flicker back into view.
The orc wizard shouts!
The orc wizard casts a spell at you. The magic dart hits you.
You die...

##.....#.....##
#..>..........##
#...............#
#...............#
##...............#
#................#
................o.#
..................#
................@.#
.........#.....#)#
........#####.##)#
......!.# ##.##.#
.......g## #..#..#
.........# #.##!##
......##.###.##.
.##..# #...#.##.
##. ###...#..


You could see an orc wizard.

Vanquished Creatures
  A scorpion (D:5)
  Crazy Yiuf (D:2)
  Jessica (D:2)
  An orc wizard (D:4)
  3 dart slugs
  3 orcs (D:4)
  4 ball pythons
  2 endoplasms
  2 giant cockroaches
  4 hobgoblins
  11 jackals
  A quokka (D:3)
  2 bats
  4 frilled lizards
  15 goblins
  A kobold (D:3)
  6 rats
62 creatures vanquished.

Notes
Turn   | Place    | Note
-------+----------+-------------------------------------------
     0 | D:1      | diana the Octopode Transmuter began the quest for the Orb.
     0 | D:1      | Reached XP level 1. HP: 13/13 MP: 3/3
   201 | D:1      | Found a faded altar of an unknown god.
   309 | D:1      | Reached XP level 2. HP: 15/18 MP: 3/5
  1051 | D:2      | Noticed Jessica
  1080 | D:2      | Killed Jessica
  1081 | D:2      | Reached skill level 1 in Stealth
  1081 | D:2      | Reached XP level 3. HP: 22/24 MP: 4/6
  1118 | D:2      | Found a runed translucent door.
  1119 | D:2      | Noticed Crazy Yiuf
  1188 | D:2      | Upgraded the game from 0.29-b1-5-gddc7ae1da1 to
                  | 0.29-b1-11-g2030932060
  1348 | D:2      | Found a shimmering blue altar of Sif Muna.
  1628 | D:2      | Learned a level 2 spell: Wereblood
  1632 | D:2      | Learned a level 3 spell: Spider Form
  1638 | D:2      | Killed Crazy Yiuf
  1639 | D:2      | Reached XP level 4. HP: 25/29 MP: 3/7
  2373 | D:3      | You fall into a shaft and drop 2 floors!
  2373 | D:5      | Entered Level 5 of the Dungeon
  2429 | D:5      | Noticed a scorpion
  2438 | D:5      | Killed a scorpion
  2439 | D:5      | Reached XP level 5. HP: 15/34 MP: 4/9
  2715 | D:5      | Noticed an ogre
  2750 | D:4      | Noticed Robin
  2761 | D:4      | Reached skill level 4 in Unarmed Combat
  2781 | D:4      | HP: 1/35 [something/magic dart (7)]
  2810 | D:4      | Killed from afar by an orc wizard

Illustrated notes

Levels and vault maps discovered:
D:1:      shiori_arrival_oz, layout_loops_corners,
          chequers_ecumenical_altar_twisty, grunt_decor_fettered,
          kennysheep_decorative_pillar
D:2:      layout_rooms, basic_altar, uniq_crazy_yiuf_cottage, uniq_jessica
D:3:      layout_basic, nicolae_concentric_dashed_squares_mild,
          chequers_serial_rivers_micro_b, grunt_decor_arrowhead,
          kennysheep_doodads
D:4:      layout_rooms, uniq_robin
D:5:      layout_loops_corners

Skill      XL: |  1  2  3  4  5 |
---------------+----------------+-----
Stealth        | 1 |  1.8
Fighting       | 2 |  2.3
Unarmed Combat | 4 |  4.0
Spellcasting   | 3 |  3.0
Dodging        | |  2.9
Transmutations | |  2.9
Poison Magic   | |  0.1

Action                   |  1- 3 |  4- 6 || total
-------------------------+-------+-------++-------
Melee: Unarmed           |    52 |    61 ||   113
       Constrict         |    16 |     9 ||    25
       Kick              |    12 |    12 ||    24
       Tentacles         |    10 |     8 ||    18
       Punch             |     3 |       ||     3
 Cast: Beastly Appendage |    18 |    10 ||    28
       Spider Form       |     1 |     2 ||     3
       Wereblood         |       |     3 ||     3
  Use: Potion            |       |     4 ||     4
 Stab: Sleeping          |     6 |     2 ||     8
       Distracted        |     2 |       ||     2
Armor: Skin              |     1 |     6 ||     7
Dodge: Dodged            |    30 |    28 ||    58
